 Dungeon Crawl Stone Soup version 0.30-a0-1075-gcd70e7a56d (webtiles) character file.

Game seed: 10574482792217651928

23 NateTC the Trooper (level 2, 0/32 HPs)
             Began as an Ogre Gladiator on Apr 14, 2023.
             Slain by Jessica
             ... wielding a +0 dagger
              (5 damage)
             ... on level 2 of the Dungeon.
             The game lasted 00:01:24 (634 turns).

NateTC the Trooper (Ogre Gladiator)                  Turns: 634, Time: 00:01:24

Health: 0/32       AC:  4    Str: 17    XL:     2   Next: 95%
Magic:  2/2        EV: 10    Int:  9    God:
Gold:   84         SH:  0    Dex: 10    Spells: 1/1 levels left

rFire   . . .      SeeInvis .    a - +0 flail
rCold   . . .      Faith    .    (no shield)
rNeg    . . .      Spirit   .    b - +0 robe
rPois   .          Reflect  .    c - +1 hat
rElec   .          Rampage  .    (no cloak)
rCorr   .                        (gloves unavailable)
Will    .....                    (boots unavailable)
Stlth   +                        (no amulet)
HPRegen 0.25/turn                (no ring)
MPRegen 0.08/turn                (no ring)

@: no status effects
A: large, unfitting armour, tough skin 1
a: no special abilities


You were on level 2 of the Dungeon.
You visited 1 branch of the dungeon, and saw 2 of its levels.

You collected 84 gold pieces.

Inventory:

Hand Weapons
 a - a +0 flail (weapon)
Missiles
 d - 3 throwing nets (quivered)
 e - a large rock
Armour
 b - a +0 robe (worn)
 c - a +1 hat (worn)
Jewellery
 n - an amulet of reflection
Potions
 f - a potion of heal wounds {unknown}
 j - 4 potions of curing
 k - 2 potions of attraction {unknown}
 m - a potion of haste {unknown}
 o - a potion of might {unknown}


   Skills:
 * Level 4.0 Fighting
 + Level 3.0 Maces & Flails
 - Level 2.0 Throwing
 - Level 2.6 Dodging


You had one spell level left.
You didn't know any spells.
Your spell library was empty.

Dungeon Overview and Level Annotations

Branches:
Dungeon (2/15) Zot: 11347

Altars:

Annotations:
D:2 Jessica


Innate Abilities, Weirdness & Mutations

You are too large for most types of armour.
You have tough skin. (AC +1)


Message History

Done exploring.
As you read the scroll labelled XIOZEI ODIMER, it crumbles to dust.
It is a scroll of amnesia.
You feel forgetful for a moment.
As you read the scroll labelled YWICINOYNG, it crumbles to dust.
You feel momentarily disoriented.
It was a scroll of magic mapping.
As you read the scroll labelled FECRUSCH RIOPEW, it crumbles to dust.
It is a scroll of identify.
j - 4 potions of curing
As you read the scroll labelled WALU VOENUYWN, it crumbles to dust.
It is a scroll of enchant armour.
Your +0 hat glows green for a moment.
Search for what [? for help]? armor Search for what [Enter for "armor", or ? for help]? weapon Search for what [Enter for "weapon", or ? for help]? mace
(D) Dungeon
Where to? (? - help)
There is a stone staircase leading down here.
You climb downwards.
Level annotation: Jessica The kobold hits you with a +0 club.
The hobgoblin hits you. The hobgoblin barely misses you.
The kobold closely misses you.
There is a stone staircase leading up here.
You hit the kobold.
The kobold is severely wounded.
The kobold hits you but does no damage. The hobgoblin barely misses you.
You barely miss the kobold.
The kobold is severely wounded.
The kobold closely misses you. Jessica hits you with a +0 dagger.
The hobgoblin closely misses you.
You barely miss the kobold.
The kobold is severely wounded.
The kobold hits you with a +0 club. Jessica gestures at you while chanting.
Pain shoots through your body!
* * * LOW HITPOINT WARNING * * *
The hobgoblin barely misses you. x2; The kobold completely misses you.
Jessica shouts, "You're disturbing me!
I'll have to kill you!" Jessica hits you with a +0 dagger.
You die...

.....#.#########.###..........
.....#. #.# ##..###..? ... ..
.# #####.###..## .. ...
......##ยง## #.##.....##.#
###...........##
...............# #.....@...##.
.###...K@..##...
....>..g........
#####............
#............ #............
#.......#.... ##...........
............ ........##..


You could see Jessica, a hobgoblin and a kobold.

Vanquished Creatures
  2 ball pythons (D:1)
  An endoplasm (D:1)
  A giant cockroach (D:1)
  A goblin (D:1)
  A kobold (D:1)
  2 quokkas (D:1)
  7 bats (D:1)
  3 frilled lizards (D:1)
  5 rats
23 creatures vanquished.

Notes
Turn   | Place    | Note
-------+----------+-------------------------------------------
     0 | D:1      | NateTC the Ogre Gladiator began the quest for the Orb.
     0 | D:1      | Reached XP level 1. HP: 22/22 MP: 1/1
    83 | D:1      | You fall into a shaft and drop 1 floor!
    92 | D:2      | Reached skill level 3 in Fighting
   103 | D:2      | Noticed Jessica
   230 | D:1      | Reached XP level 2. HP: 31/31 MP: 2/2
   486 | D:1      | Reached skill level 4 in Fighting
   634 | D:2      | Slain by Jessica

Illustrated notes

Levels and vault maps discovered:
D:1:      zaba_arrival_water, layout_rooms, amcnicky_mini_rare_corridor_liquid,
          minmay_pentomino_v4
D:2:      layout_rooms, shapermc_ecumenical_altar_flowoftime, dk_vineyard_1,
          uniq_jessica

Skill      XL: |  1  2 |
---------------+-------+-----
Fighting       | 3 4 |  4.0
Maces & Flails | 3 |  3.0
Throwing       | |  2.0
Dodging        | |  2.6

Action                     || total
---------------------------++-------
  Melee: Flail             ||    69
         Punch             ||     1
    Use: Scroll            ||     5
   Stab: Sleeping          ||     2
 Armour: Robe              ||    33
  Dodge: Dodged            ||    59

Table legend: (Time is in decaauts)
 A = Elapsed time spent in this place.
 B = Non-inter-level travel time spent in this place.
 C = Inter-level travel time spent in this place.
 D = Time resting spent in this place.
 E = Time spent auto-exploring this place.
 F = Levels seen in this place.
 G = Mean time per level.
                   A        B        C        D        E       F      G
               +--------+--------+--------+--------+--------+-----+--------+
         Total |    651 |    637 |     14 |     77 |    362 |   2 |  325.5 |
       Dungeon |    651 |    637 |     14 |     77 |    362 |   2 |  325.5 |
               +--------+--------+--------+--------+--------+-----+--------+

Top non-repeatable levels by time:
     D:1: 605 daAuts
     D:2: 45 daAuts
